Map: Abyssal Reef LE

Players

Lambo - Winner!

  • Race: Zerg Zerg
  • Spawn Location: 5:00

Harstem

  • Race: Protoss Protoss
  • Spawn Location: 11:00

Event: IEM XI Katowice - World Championship 2017

VOD

Have the link to the VOD?

Description

Time

  • Played on: Feb. 27, 2017, 6:16 a.m.
  • Length: 10:44

All games in this series

Show
View Real Time Build Order
Export as new Build Order

Lambo Zerg - Winner!

Build Orders: Hatch First, Lurkers 

Get SALT Encoding   

  12  0:00  Drone  
  13  0:13  Overlord  
  13  0:17  Drone  
  14  0:31  Drone  
  15  0:45  Hatchery  
  15  0:48  Drone  
  15  0:51  Drone  
  15  0:56  Drone  
  17  0:59  Drone  
  18  1:09  Extractor  
  17  1:16  Drone  
  18  1:20  Spawning Pool  
  18  1:22  Drone  
  18  1:32  Drone  
  19  1:43  Overlord  
  19  1:53  Drone  
  20  1:58  Drone  
  21  2:06  Queen x2  
  21  2:07  Zergling x2  
  26  2:08  Zergling x2  
  26  2:12  Metabolic Boost  
  26  2:15  Drone  
  28  2:20  Drone  
  29  2:25  Drone  
  29  2:29  Drone  
  31  2:40  Hatchery  
  30  2:47  Queen  
  30  2:49  Drone  
  33  2:52  Drone  
  33  2:56  Overlord  
  34  2:59  Drone  
  34  3:02  Drone  
  36  3:15  Drone x3  
  36  3:16  Overlord, Drone  
  40  3:27  Zergling x6, Baneling Nest  
  40  3:28  Zergling x2  
  40  3:30  Drone  
  45  3:42  Drone x2  
  45  3:45  Drone  
  45  3:47  Hatchery  
  46  3:51  Drone x4  
  50  4:01  Zergling x4  
  52  4:07  Overlord  
  52  4:10  Extractor  
  52  4:11  Evolution Chamber  
  52  4:12  Overlord  
  52  4:15  Drone x2  
  52  4:21  Overlord  
  52  4:24  Overlord  
  52  4:26  Overlord  
  52  4:29  Zergling x8  
  52  4:30  Baneling x4  
  52  4:31  Queen, Baneling  
  56  4:35  Drone  
  56  4:36  Drone  
  60  4:44  Drone  
  60  4:45  Drone  
  62  4:52  Overlord  
  62  4:54  Overlord  
  62  4:59  Overlord  
  62  5:01  Overlord  
  62  5:03  Queen  
  62  5:04  Zerg Melee Weapons Level 1, Drone x3  
  67  5:08  Lair  
  67  5:10  Drone  
  67  5:13  Drone x2  
  70  5:15  Overlord  
  70  5:17  Drone  
  70  5:20  Overlord  
  70  5:28  Zergling x6  
  73  5:31  Extractor  
  73  5:34  Zergling x2  
  73  5:35  Zergling x8  
  77  5:37  Extractor  
  77  5:39  Overlord  
  77  5:41  Queen  
  77  5:42  Overlord  
  78  5:47  Zergling x10  
  82  5:50  Baneling x4  
  82  5:52  Drone  
  82  5:58  Drone x3  
  82  6:01  Zergling x4  
  87  6:11  Drone x2  
  87  6:12  Hydralisk Den, Drone x5  
  87  6:16  Extractor  
  87  6:17  Extractor  
  91  6:23  Drone x7  
  98  6:31  Drone  
  92  6:34  Drone  
  92  6:35  Drone  
  92  6:42  Drone x4  
  96  6:50  Drone  
  96  6:51  Drone x3  
  96  6:53  Lurker Den  
  100  6:55  Hatchery  
  100  6:57  Drone x3  
  100  7:00  Zerg Melee Weapons Level 2  
  102  7:03  Hydralisk x2  
  106  7:11  Baneling x6  
  106  7:12  Zergling x8  
  110  7:16  Centrifical Hooks  
  110  7:19  Zergling x2  
  110  7:20  Zergling x4  
  109  7:26  Hydralisk x3  
  105  7:30  Hydralisk x2  
  107  7:45  Hydralisk x4  
  115  7:53  Drone x7  
  122  8:02  Extractor  
  122  8:04  Zergling x10  
  122  8:05  Overseer  
  126  8:11  Queen  
  128  8:14  Overlord  
  128  8:19  Overlord  
  128  8:20  Zergling x16  
  128  8:24  Muscular Augments  
  128  8:25  Lurker x7  
  128  8:26  Lurker  
  143  8:29  Overlord x3  
  143  8:31  Overseer  
  143  8:32  Overlord  
  143  8:35  Lurker  
  144  8:44  Zergling x18  
  144  8:45  Lurker  
  144  8:46  Lurker  
  154  8:56  Baneling x7  
  154  8:57  Hydralisk  
  154  8:58  Zergling x16  
  154  9:01  Baneling  
  154  9:02  Baneling x2  
  163  9:03  Overlord  
  163  9:06  Zergling x2  
  163  9:07  Zergling x2  
  163  9:08  Baneling x5  
  165  9:10  Zergling x8  
  165  9:15  Zergling x2  
  165  9:16  Zergling x8  
  171  9:24  Baneling x2  
  171  9:25  Baneling  
  171  9:29  Zergling x10  
  167  9:38  Hydralisk x6  
  159  9:47  Hydralisk x7  
  159  9:51  Hydralisk x2  
  174  9:56  Baneling x4  
  174  9:57  Zergling x6  
  169  10:00  Baneling x3  
  169  10:01  Zergling x2  
  169  10:02  Zergling x4  
  169  10:04  Baneling  
  169  10:05  Zergling x4, Baneling x2  
  167  10:14  Zergling x4  
  167  10:15  Zergling x2  
  167  10:20  Zergling x4  
  164  10:21  Baneling  
  164  10:22  Zergling x2, Baneling x5  
  164  10:23  Zergling x4  
Show
View Real Time Build Order
Export as new Build Order

Harstem Protoss 

Build Orders: 1 Gate Expand, Mass Adepts 

Get SALT Encoding   

  12  0:00  Probe (Chrono Boost)  
  13  0:11  Probe (Chrono Boost)  
  14  0:17  Pylon  
  14  0:22  Probe (Chrono Boost)  
  15  0:36  Probe (Chrono Boost)  
  15  0:40  Gateway  
  16  0:46  Probe (Chrono Boost)  
  16  0:49  Assimilator  
  18  0:57  Probe (Chrono Boost)  
  18  1:07  Probe (Chrono Boost)  
  19  1:18  Probe (Chrono Boost)  
  20  1:25  Nexus  
  20  1:34  Cybernetics Core  
  20  1:38  Probe (Chrono Boost)  
  21  1:44  Assimilator  
  21  1:48  Probe (Chrono Boost)  
  21  1:53  Pylon  
  22  1:59  Probe (Chrono Boost)  
  23  2:11  Adept, Mothership Core (Chrono Boost)  
  27  2:17  Warp Gate  
  28  2:31  Probe (Chrono Boost)  
  28  2:35  Adept  
  29  2:37  Probe (Chrono Boost)  
  29  2:43  Probe (Chrono Boost)  
  32  2:47  Probe (Chrono Boost)  
  33  2:53  Twilight Council  
  33  2:54  Probe (Chrono Boost)  
  33  2:57  Gateway  
  33  2:58  Probe (Chrono Boost)  
  35  3:03  Pylon  
  35  3:05  Probe (Chrono Boost)  
  36  3:09  Probe (Chrono Boost)  
  36  3:12  Adept  
  37  3:16  Probe (Chrono Boost)  
  37  3:17  Resonating Glaives  
  41  3:20  Probe (Chrono Boost)  
  42  3:28  Probe (Chrono Boost), Gateway  
  42  3:36  Probe (Chrono Boost)  
  42  3:39  Adept  
  42  3:40  Pylon, Probe (Chrono Boost)  
  44  3:45  Adept  
  49  3:49  Probe (Chrono Boost)  
  49  3:53  Probe (Chrono Boost)  
  50  3:58  Pylon  
  50  4:01  Robotics Facility  
  51  4:04  Probe (Chrono Boost)  
  51  4:09  Probe (Chrono Boost)  
  52  4:10  Pylon  
  52  4:20  Adept  
  52  4:21  Adept  
  52  4:23  Adept  
  58  4:34  Nexus  
  58  4:39  Pylon  
  58  4:41  Pylon, Probe (Chrono Boost)  
  58  4:42  Probe (Chrono Boost)  
  58  4:44  Adept  
  62  4:51  Warp Prism  
  62  4:58  Adept  
  62  4:59  Probe x2 (Chrono Boost)  
  68  5:00  Sentry  
  68  5:04  Forge  
  68  5:06  Sentry  
  72  5:10  Assimilator  
  72  5:12  Assimilator  
  73  5:14  Probe (Chrono Boost)  
  73  5:17  Probe (Chrono Boost)  
  73  5:18  Stalker  
  76  5:25  Protoss Ground Weapons Level 1, Immortal  
  76  5:26  Probe (Chrono Boost)  
  78  5:29  Probe (Chrono Boost)  
  82  5:38  Probe (Chrono Boost)  
  82  5:41  Probe (Chrono Boost)  
  84  5:44  Gateway  
  84  5:46  Gateway  
  84  5:49  Probe (Chrono Boost)  
  86  5:50  Probe (Chrono Boost)  
  86  5:54  Gateway  
  86  5:55  Gateway  
  86  5:57  Sentry  
  86  5:59  Probe (Chrono Boost)  
  86  6:00  Immortal  
  89  6:08  Sentry, Probe (Chrono Boost)  
  96  6:13  Pylon  
  96  6:14  Probe (Chrono Boost)  
  96  6:15  Probe (Chrono Boost), Sentry  
  100  6:20  Probe (Chrono Boost)  
  101  6:31  Probe (Chrono Boost)  
  104  6:33  Probe x2 (Chrono Boost)  
  104  6:36  Sentry, Stalker  
  106  6:40  Pylon  
  106  6:41  Pylon  
  106  6:42  Probe (Chrono Boost)  
  106  6:45  Assimilator, Probe x2 (Chrono Boost)  
  109  6:47  Pylon  
  109  6:48  Assimilator  
  109  6:51  Pylon  
  109  6:53  Templar Archives  
  109  6:55  Observer  
  109  6:58  Pylon, Probe (Chrono Boost)  
  109  7:00  Probe x2 (Chrono Boost), Photon Cannon  
  113  7:09  Probe (Chrono Boost)  
  113  7:15  Probe (Chrono Boost)  
  115  7:16  Adept  
  115  7:17  Adept x5  
  115  7:20  Psionic Storm  
  122  7:22  Probe (Chrono Boost)  
  122  7:24  Probe (Chrono Boost)  
  122  7:28  Immortal, Protoss Ground Weapons Level 2  
  121  7:39  Probe (Chrono Boost)  
  122  7:47  Probe (Chrono Boost), Photon Cannon  
  122  7:50  Pylon  
  124  7:51  High Templar  
  124  7:53  Stalker  
  127  7:58  High Templar  
  127  8:03  Nexus, Adept, Photon Cannon  
  131  8:06  Pylon x2  
  131  8:08  Zealot  
  131  8:10  High Templar  
  131  8:12  Photon Cannon  
  136  8:13  Probe (Chrono Boost)  
  136  8:14  Immortal  
  136  8:15  Pylon  
  140  8:23  High Templar  
  140  8:25  Probe (Chrono Boost)  
  140  8:26  Probe (Chrono Boost), Photon Cannon  
  144  8:29  Pylon  
  144  8:30  Stalker  
  146  8:37  Assimilator  
  146  8:38  Probe (Chrono Boost)  
  147  8:41  Assimilator, Stalker  
  147  8:43  Stalker  
  150  8:57  Probe (Chrono Boost), Stalker x3  
  150  8:58  Stalker  
  156  9:09  Robotics Facility  
  160  9:19  Photon Cannon  
  153  9:33  Zealot x6  
  144  9:42  Probe (Chrono Boost)  
  121  9:50  Probe x2 (Chrono Boost)  
  121  9:51  Probe (Chrono Boost)  
  114  9:54  Zealot x5  
  114  9:55  Probe (Chrono Boost)  
  117  10:00  Probe (Chrono Boost)  
  117  10:01  Probe (Chrono Boost)  
  117  10:07  Probe (Chrono Boost)  
  95  10:21  Zealot x4  
  95  10:22  Zealot  
  95  10:25  Probe (Chrono Boost)  

Tags
 
Add a new tag
Caveats
  • Supply blocks, unpowered buildings, or Contaminate may cause inaccurate times.
  • Supply counts are checked every 10 seconds.